 Dungeon Crawl Stone Soup version 0.28.0-49-g6dfe1f597d (webtiles) character file.

Game seed: 7611464869260531680

63 nickcage the Stinger (level 3, 0/16 HPs)
             Began as a Spriggan Venom Mage on May 18, 2022.
             Killed by divine providence
             ... invoked by an orc priest
              (16 damage)
             ... on level 3 of the Dungeon.
             The game lasted 00:04:07 (2066 turns).

nickcage the Stinger (Spriggan Venom Mage)          Turns: 2066, Time: 00:04:09

Health: 0/16       AC:  2    Str:  4    XL:     3   Next: 87%
Magic:  7/8        EV: 17    Int: 18    God:
Gold:   95         SH:  0    Dex: 15    Spells: 2/8 levels left

rFire   . . .      SeeInvis +   o - +0 rapier
rCold   . . .      Faith    .   (no shield)
rNeg    + . .      Spirit   .   a - +0 robe
rPois   .          Reflect  .   (helmet restricted)
rElec   .          Harm     .   (no cloak)
rCorr   .          Rampage  .   (gloves unavailable)
Will    +....                   (boots unavailable)
Stlth   ++........              c - amulet of regeneration
HPRegen 0.85/turn               h - ring of positive energy
MPRegen 0.11/turn               p - ring of willpower

@: very quick
A: very small, no large weapons, unfitting armour, see invisible, speed 3
a: no special abilities


You were on level 3 of the Dungeon.
You visited 1 branch of the dungeon, and saw 3 of its levels.

You collected 95 gold pieces.

Inventory:

Hand Weapons
 e - a +0 dagger
 o - a +0 rapier (weapon)
Armour
 a - a +0 robe (worn)
Jewellery
 c - an amulet of regeneration (around neck)
 h - a ring of positive energy (left hand)
 p - a ring of willpower (right hand)
Scrolls
 d - a scroll of teleportation {unknown}
 i - a scroll of identify {unknown}
 j - a scroll of magic mapping {unknown}
 k - a scroll of vulnerability {unknown}
Potions
 b - 2 potions of haste {unknown}
 f - a potion of flight {unknown}
 g - a potion of attraction {unknown}
 l - a potion of might {unknown}
 m - 2 potions of brilliance {unknown}
 n - a potion of curing {unknown}


   Skills:
 - Level 2.6 Dodging
 - Level 3.0 Stealth
 - Level 3.0 Spellcasting
 - Level 2.0 Transmutations
 + Level 4.5 Poison Magic


You had 2 spell levels left.
You knew the following spells:

 Your Spells              Type           Power      Damage    Failure   Level
a - Sting                 Tmut/Pois      56%        1d5       4%          1
b - Poisonous Vapours     Pois/Air       20%        N/A       10%         2
c - Mephitic Cloud        Conj/Pois/Air  8%         N/A       26%         3

Your spell library contained the following spells:

 Spells                   Type           Power      Damage    Failure   Level
 Olgreb's Toxic Radiance  Pois           19%        N/A       24%         4


Dungeon Overview and Level Annotations

Branches:
Dungeon (3/15)

Altars:

Shops:
D:3 (


Innate Abilities, Weirdness & Mutations

You are very small and have problems with some larger weapons.
You are too small for most types of armour.
You have supernaturally acute eyesight. (SInv)
You cover ground extremely quickly. (Speed+++)


Message History

Found a stone staircase leading down.
Found a hand axe.
An adder comes into view.
The helpless adder fails to defend itself.
You hit the adder.
The adder is moderately wounded.
The adder bites you. The adder misses you.
You miscast Sting.
You are very lightly contaminated with residual magic.
Nothing appears to happen.
The adder bites you.
The sting hits the adder but does no damage.
The adder is poisoned.
The adder is moderately wounded.
The adder closely misses you.
The sting hits the adder.
The adder looks even sicker.
The adder is severely wounded.
The adder closely misses you. The adder misses you.
The sting hits the adder.
The adder looks even sicker.
You kill the adder!
HP restored.
Your magical contamination has completely faded away.
Magic restored.
Found 15 stones.
You see here 15 stones.
Found Ysuginu's Weapon Shop.
Found an escape hatch in the ceiling.
There is an entrance to Ysuginu's Weapon Shop here.
There is an open door here.
There is a stone staircase leading down here.
You see here a +0 hand axe.
A worm comes into view.
A bat and an orc priest come into view.
There is an open door here.
The sting hits the worm.
The worm is poisoned.
The worm is lightly wounded.
The orc priest shouts!
You hear a shout!
The orc priest invokes the aid of Beogh against you.
Beogh smites you!
Ouch! That really hurt!
You die...

####### ##.....##
.+......# ######.
##......# .....o.
##......######## .......
##...>.......... .......
##.....)#########....b..
##......##......#......#
..###...........@.w.....
.## #.#.##......########
.####.#.#########
[...#.#....#
..#.#.####.### ..#.#.#
#(..# ..#.#.# ###.#
..#.#.# #.# ..#.#.# #.#


You could see a worm (poisoned), an orc priest and a bat.

Vanquished Creatures
  2 adders
  2 worms (D:2)
  2 dart slugs (D:1)
  A giant cockroach (D:2)
  4 goblins
  6 hobgoblins
  2 kobolds
  2 quokkas (D:1)
  2 ball pythons
  8 bats
  A frilled lizard (D:1)
  5 rats
  A toadstool (D:1)
38 creatures vanquished.

Vanquished Creatures (others)
  3 toadstools (D:1)
3 creatures vanquished.

Grand Total: 41 creatures vanquished

Notes
Turn   | Place    | Note
-------+----------+-------------------------------------------
     0 | D:1      | nickcage the Spriggan Venom Mage began the quest for the
                  | Orb.
     0 | D:1      | Reached XP level 1. HP: 9/9 MP: 5/5
   366 | D:1      | Reached XP level 2. HP: 13/13 MP: 4/6
   414 | D:1      | Learned a level 2 spell: Poisonous Vapours
  1121 | D:2      | Reached XP level 3. HP: 16/16 MP: 4/8
  1199 | D:2      | Reached skill level 4 in Poison Magic
  1890 | D:2      | Learned a level 3 spell: Mephitic Cloud
  2004 | D:3      | Found Ysuginu's Weapon Shop.
  2066 | D:3      | Killed from afar by an orc priest

Illustrated notes

Levels and vault maps discovered:
D:1:      ldierk_water_garden, layout_loops_ring
D:2:      minmay_alternating_diamond, layout_loops_ring, hex_medium,
          minivault_25
D:3:      layout_basic, serial_shops, shop_statue

Skill      XL: |  1  2  3 |
---------------+----------+-----
Spellcasting   | 3 |  3.0
Transmutations | 2 |  2.0
Poison Magic   | 4 |  4.5
Dodging        | |  2.6
Stealth        | |  3.0

Action                   || total
-------------------------++-------
Melee: Hand axe          ||     3
       Unarmed           ||     3
       Dagger            ||     6
       Rapier            ||     8
 Cast: Sting             ||    60
 Stab: Sleeping          ||     9
Armor: Robe              ||     4
Dodge: Dodged            ||    26
